 Dungeon Crawl Stone Soup version 0.30.1-9-gdf580d7c3d (webtiles) character file.

Game seed: 2374729247428648646

157 KittyFluff the Cudgeller (level 5, 0/49 HPs)
             Began as a Gargoyle Berserker on Oct 6, 2023.
             Was a Priest of Trog.
             Slain by a hobgoblin
             ... wielding a +0 scythe
              (7 damage)
             ... on level 4 of the Dungeon.
             The game lasted 00:10:56 (2723 turns).

KittyFluff the Cudgeller (Gargoyle Berserker)       Turns: 2723, Time: 00:10:56

Health: 0/49       AC:  9    Str: 23    XL:     5   Next: 38%
Magic:  5/5        EV: 16    Int:  7    God:    Trog [***...]
Gold:   122        SH:  2    Dex:  9    Spells: 4/4 levels left

rFire   . . .        a - +0 mace
rCold   . . .        t - +0 buckler
rNeg    + . .        p - +3 robe of the Land of Plenty {Will+ Regen+}
rPois   ∞            (no helmet)
rElec   +            (no cloak)
rCorr   +            (no gloves)
SInv    .            (no boots)
Will    +....        (no amulet) Stlth
                     k - +5 ring of evasion
HPRegen 1.08/turn    q - ring of resist corrosion
MPRegen 0.09/turn

%: no passive effects
@: berserking, very quick
A: sickness immunity, AC +4, negative energy resistance 1, electricity
resistance, torment resistance 1, petrification resistance
a: Renounce Religion, Berserk, Trog's Hand


You were on level 4 of the Dungeon.
You worshipped Trog.
Trog was most pleased with you.
You visited 1 branch of the dungeon, and saw 4 of its levels.

You collected 159 gold pieces.
You spent 37 gold pieces at shops.

Inventory:

Hand Weapons
 a - a +0 mace (weapon)
 l - a +0 sling
Missiles
 d - 4 poisoned darts (quivered)
 n - a throwing net
Armour
 p - the +3 robe of the Land of Plenty (worn) {Will+ Regen+}
   (You found it on level 3 of the Dungeon)

   Regen:     It increases your rate of health regeneration.
   Will:      It increases your willpower.
 t - a +0 buckler (worn)
Jewellery
 k - a +5 ring of evasion (left hand)
 q - a ring of resist corrosion (right hand)
 s - a +6 ring of intelligence
Scrolls
 b - a scroll of summoning {unknown}
 c - 3 scrolls of blinking
 e - a scroll of noise {unknown}
 j - a scroll of fog {unknown}
 o - a scroll of poison {unknown}
 u - a scroll of enchant armour {unknown}
 v - a scroll of enchant weapon {unknown}
Potions
 f - a potion of attraction
 g - 2 potions of curing
 h - a potion of degeneration
 i - a potion of invisibility
 m - a potion of mutation {unknown}
 r - a potion of resistance {unknown}


   Skills:
 + Level 3.9 Fighting
 * Level 4.2 Maces & Flails
 * Level 3.8 Armour
 + Level 2.3 Dodging


You had 4 spell levels left.
You didn't know any spells.
Your spell library was empty.

Dungeon Overview and Level Annotations

Branches:
Dungeon (4/15)             Temple (0/1) D:4

Altars:
Elyvilon

Shops:
D:1 !   D:2 *

Annotations:
D:4 Sigmund


Innate Abilities, Weirdness & Mutations

You are immune to sickness and miasma.
Your stone body is resilient. (AC +4)
You are immune to poison.
You resist negative energy. (rN+)
You are resistant to electric shocks. (rElec)
You are resistant to unholy torment.
You are immune to petrification.


Message History

The hobgoblin barely misses you.
You barely miss something. The hobgoblin barely misses you.
You hear a zap.
The roots erupt in riotous growth!
The grasping roots grab you!
You are constricted.
The hobgoblin misses you.
You miss something. The hobgoblin closely misses you. Something hits you.
You are constricted.
The hobgoblin misses you.
The grasping roots release their grip on you.
You miss something. The hobgoblin completely misses you.
The hobgoblin misses you. Something hits you!
The hobgoblin hits you from afar with a +0 scythe. x2
You miss something.
The hobgoblin hits you from afar with a +0 scythe.
* * * LOW HITPOINT WARNING * * *
Something hits you but does no damage. The hobgoblin misses you.
A red film seems to cover your vision as you go berserk!
You feel yourself moving faster!
You feel mighty!
The hobgoblin hits you from afar with a +0 scythe.
* * * LOW HITPOINT WARNING * * *
The hobgoblin misses you.
You hit something. Something hits you.
* * * LOW HITPOINT WARNING * * *
The hobgoblin closely misses you. x2
You closely miss something.
The hobgoblin hits you from afar with a +0 scythe.
* * * LOW HITPOINT WARNING * * *
Something hits you!
* * * LOW HITPOINT WARNING * * *
The hobgoblin misses you.
You sock something! You barely miss something.
The hobgoblin closely misses you. The hobgoblin barely misses you.
Something barely misses you.
You closely miss something. The hobgoblin completely misses you.
The hobgoblin closely misses you.
You closely miss something. The hobgoblin closely misses you. x2
Something hits you but does no damage.
You hit something. The hobgoblin misses you.
The hobgoblin hits you from afar with a +0 scythe!
You die...

###..# ...(.##...#...#..
#...####P.P# #..>.......
......##≈.≈## ..........
##.####≈≈.≈≈###.........
#.##P≈≈≈.≈≈≈P#........#
#.............gg...gg.#
####P≈≈≈.≈≈≈P#gg#.)...#
###≈≈.≈≈####{# .g..#
##≈.≈## #@# ...# #P.P#
#.# ### ##.######.#
#........# ##########


You could see 4 hobgoblins.

Vanquished Creatures
  A hound (D:4)
  3 adders
  A white imp (D:3)
  A worm (D:4)
  A dart slug (D:2)
  An orc (D:3)
  6 endoplasms
  3 giant cockroaches
  8 goblins
  11 hobgoblins
  6 jackals
  7 kobolds
  3 quokkas
  8 ball pythons
  9 bats
  A frilled lizard (D:3)
  7 rats
77 creatures vanquished.

Notes
Turn   | Place    | Note
-------+----------+-------------------------------------------
     0 | D:1      | KittyFluff the Gargoyle Berserker began the quest for the
                  | Orb.
     0 | D:1      | Reached XP level 1. HP: 14/14 MP: 1/1
    90 | D:1      | Reached XP level 2. HP: 10/19 MP: 2/2
   417 | D:1      | Found Uhecyr's Distillery.
   461 | D:1      | Reached XP level 3. HP: 21/23 MP: 3/3
   478 | D:1      | Bought a potion of degeneration for 13 gold pieces
   580 | D:1      | Reached ** piety under Trog
  1114 | D:2      | Found Yffur's General Store.
  1279 | D:2      | Bought a scroll of identify for 24 gold pieces
  1446 | D:2      | Reached XP level 4. HP: 29/29 MP: 4/4
  1713 | D:3      | Identified the +3 robe of the Land of Plenty {Will+ Regen+}
  1856 | D:3      | Reached *** piety under Trog
  2035 | D:3      | Reached skill level 4 in Maces & Flails
  2282 | D:3      | Found a white marble altar of Elyvilon.
  2352 | D:3      | Reached XP level 5. HP: 33/33 MP: 5/5
  2610 | D:4      | Found a staircase to the Ecumenical Temple.
  2698 | D:4      | Noticed Sigmund
  2723 | D:4      | Slain by a hobgoblin

Illustrated notes

Levels and vault maps discovered:
D:1:      elethiomel_arrival_maze, layout_basic, serial_shops, shop_statue,
          minmay_domino_2
D:2:      layout_rooms, serial_shops, nicolae_shop_tiny_statue_garden
D:3:      layout_basic, lemuel_crystal_altar, hex_medium,
          chequers_serial_rivers_large_b
D:4:      layout_rooms, minmay_temple_entry_arrows, kennysheep_crisscross,
          dreamdust_princess_bridge, chequers_big_river, sigmund_army

Skill      XL: |  1  2  3  4 |
---------------+-------------+-----
Dodging        | 2 |  2.3
Armour         | 3 |  3.8
Maces & Flails | 4 |  4.2
Fighting       | |  3.9

Action                     |  1- 3 |  4- 6 || total
---------------------------+-------+-------++-------
  Melee: Mace              |   151 |   110 ||   261
 Invoke: Berserk           |       |     1 ||     1
    Use: Scroll            |       |     4 ||     4
 Armour: Animal skin       |    57 |    12 ||    69
         Robe              |       |    20 ||    20
  Dodge: Dodged            |   125 |   137 ||   262
